 Dungeon Crawl Stone Soup version 0.23.2-33-g5129a83184 (webtiles) character file.

Game seed: 10884212986958904347

1148 Meegle the Thaumaturge (level 8, -4/43 HPs)
             Began as a Deep Elf Fire Elementalist on July 4, 2019.
             Was a Follower of Vehumet.
             Slain by a sky beast (6 damage)
             ... on level 7 of the Dungeon.
             The game lasted 00:15:37 (6299 turns).

Meegle the Thaumaturge (Deep Elf Fire Elementalist) Turns: 6299, Time: 00:15:37

Health: -4/43      AC:  2    Str:  5    XL:     8   Next: 15%
Magic:  1/22       EV: 14    Int: 23    God:    Vehumet [*.....]
Gold:   388        SH:  0    Dex: 15    Spells: 8/23 levels left

rFire    . . .     SeeInvis .   z - +0 rapier
rCold    . . .     Gourm    .   (no shield)
rNeg     . . .     Faith    .   a - +0 robe
rPois    .         Spirit   .   (no helmet)
rElec    .         Reflect  .   (no cloak)
rCorr    .         Harm     .   (no gloves)
MR       .....                  (no boots)
Stlth    ++........             (no amulet)
HPRegen  0.14/turn              (no ring)
MPRegen  0.18/turn              (no ring)

@: lethally poisoned (-4 -> -7), very slightly contaminated
A: no striking features
a: Renounce Religion


You were on level 7 of the Dungeon.
You worshipped Vehumet.
Vehumet was aware of your devotion.
You were not hungry.

You visited 1 branch of the dungeon, and saw 7 of its levels.

You collected 388 gold pieces.

Inventory:

Hand Weapons
 z - a +0 rapier (weapon)
 F - a +1 spear of freezing
Armour
 a - a +0 robe (worn)
 b - a +2 shield of reflection
 D - a +0 pair of gloves
Jewellery
 E - an uncursed ring of protection from fire {unknown}
Wands
 x - a wand of scattershot (3)
 y - a wand of random effects (7)
Scrolls
 f - a scroll of noise {unknown}
 h - 7 scrolls of identify {unknown}
 j - 3 scrolls of teleportation {unknown}
 k - 2 scrolls of immolation {unknown}
 m - a scroll of enchant weapon {unknown}
 n - a scroll of fog {unknown}
 q - a scroll of random uselessness {unknown}
 r - 4 scrolls of remove curse {unknown}
 s - a scroll of amnesia {unknown}
 w - 2 scrolls of acquirement {unknown}
 A - a scroll of blinking {unknown}
 B - 2 scrolls of enchant armour {unknown}
Potions
 d - a potion of flight {unknown}
 e - 5 potions of curing {unknown}
 g - a potion of lignification {unknown}
 i - 2 potions of brilliance {unknown}
 l - a potion of invisibility {unknown}
 o - 2 potions of might {unknown}
 p - a potion of heal wounds {unknown}
 t - a potion of agility {unknown}
 u - 4 potions of mutation {unknown}
 v - a potion of haste {unknown}
Comestibles
 c - 13 rations
 C - a chunk of flesh


   Skills:
 + Level 1.1 Fighting
 + Level 3.7 Dodging
 + Level 3.3 Stealth
 + Level 8.0 Spellcasting
 + Level 5.1 Conjurations
 + Level 6.5 Fire Magic


You had 8 spell levels left.
You knew the following spells:

 Your Spells              Type           Power        Failure   Level  Hunger
a - Flame Tongue          Conj/Fire      #####        1%          1    None
b - Throw Flame           Conj/Fire      #####.       1%          2    None
c - Conjure Flame         Conj/Fire      #####...     1%          3    None
d - Sticky Flame          Conj/Fire      #####...     6%          4    ###....
e - Fireball              Conj/Fire      #####.....   17%         5    #####..

Your spell library contained the following spells:

 Spells                   Type           Power        Failure   Level  Hunger
 Magic Dart               Conj           ####         1%          1    None
 Inner Flame              Hex/Fire       ###.....     5%          3    None


Dungeon Overview and Level Annotations

Branches:
Dungeon (7/15)
 Temple: D:4-7

Altars:
Cheibriados
Gozag
Makhleb
Nemelex Xobeh
Ru
Trog
Vehumet
Wu Jian
Xom

Annotations:
D:3 2 transporters, Gildeon's ghost, weakling SpCj; Sigmund
D:4 exclusion: crimson imp


Message History

Confirm with . or Enter, or press ? or * to list all spells.
You don't know that spell.
Okay, then.
Casting: Fireball (quite dangerous; 19% risk of failure)
Confirm with . or Enter, or press ? or * to list all spells.
Aiming: Flame Tongue (safe; 1% risk of failure)
Press: ? - help, Shift-Dir - straight line, f - hound
Aim: a hound (grey smoke, severely wounded)
The flame tongue hits the hound!
You kill the hound!
Vehumet accepts your kill.
Your Spellcasting skill increases to level 8!
The worker ant bites you!
* * * LOW HITPOINT WARNING * * *
A sky beast appears from thin air!
Reactivating autopickup.
The sky beast hits you.
* * * LOW HITPOINT WARNING * * *
The sky beast shocks you.
You die...

#. #.# ...# ##
...##. #....
#..§§ #>§§##
#.§§@#
......Ya§§.....
?....<.§§......
.......)....#..
###........)..
#....#...####
#.... #...
#.... #..#


You could see a sky beast and a worker ant.

Vanquished Creatures
  An ice beast (D:6)
  3 ogres
  A howler monkey (D:6)
  A centaur zombie (D:5)
  An orc priest (D:3)
  7 hounds
  2 iguanas
  2 bullfrog skeletons
  4 orc wizards
  Terence (D:3)
  2 worker ants
  Robin (D:4)
  A howler monkey zombie (D:6)
  5 adders
  A shadow imp (D:5)
  2 oozes
  2 adder skeletons (D:4)
  5 worms
  2 dart slugs (D:1)
  3 leopard geckos (D:4)
  20 orcs
  2 ball pythons
  5 giant cockroaches
  6 hobgoblins
  2 jackals (D:4)
  6 kobolds
  3 quokkas (D:4)
  4 bats
  3 frilled lizards
  11 goblins
  A quokka zombie (D:6)
  2 rats (D:3)
  A fungus (D:6)
113 creatures vanquished.

Vanquished Creatures (others)
  A fungus (D:6)
  4 toadstools (D:6)
5 creatures vanquished.

Grand Total: 118 creatures vanquished

Notes
Turn   | Place    | Note
-------+----------+-------------------------------------------
     0 | D:1      | Meegle the Deep Elf Fire Elementalist began the quest for
                  | the Orb.
     0 | D:1      | Reached XP level 1. HP: 10/10 MP: 6/6
   361 | D:1      | Reached XP level 2. HP: 15/15 MP: 6/8
   916 | D:2      | Reached XP level 3. HP: 17/19 MP: 4/9
   964 | D:2      | Learned a level 2 spell: Throw Flame
   968 | D:2      | Learned a level 3 spell: Conjure Flame
  1238 | D:2      | Found a snail-covered altar of Cheibriados.
  1238 | D:2      | Found an ornate altar of the Wu Jian Council.
  2112 | D:3      | Noticed Gildeon's ghost (weakling SpCj)
  2112 | D:3      | Noticed Sigmund
  2120 | D:3      | Found a transporter.
  2128 | D:3      | Reached XP level 4. HP: 24/24 MP: 9/11
  2140 | D:3      | Found a transporter.
  2148 | D:3      | Found a bloodstained altar of Trog.
  2226 | D:3      | Found a sparkling altar of Nemelex Xobeh.
  2435 | D:3      | Noticed Terence
  2444 | D:3      | Killed Terence
  2444 | D:3      | Reached skill level 4 in Spellcasting
  2623 | D:3      | Reached XP level 5. HP: 7/28 MP: 3/13
  2918 | D:3      | Learned a level 4 spell: Sticky Flame
  3249 | D:4      | Found a sacrificial altar of Ru.
  3347 | D:4      | Noticed Robin
  3660 | D:4      | Noticed an ogre
  3667 | D:4      | Killed an ogre
  3667 | D:4      | Reached skill level 5 in Spellcasting
  3667 | D:4      | Reached XP level 6. HP: 32/32 MP: 7/15
  3728 | D:4      | Reached skill level 5 in Fire Magic
  3864 | D:4      | Learned a level 5 spell: Fireball
  3923 | D:4      | Found an opulent altar of Gozag.
  4047 | D:4      | Found a shimmering altar of Xom.
  4150 | D:4      | Reached skill level 6 in Spellcasting
  4389 | D:4      | Killed Robin
  4649 | D:4      | Found a burning altar of Makhleb.
  4702 | D:5      | Entered Level 5 of the Dungeon
  4709 | D:5      | Reached XP level 7. HP: 21/37 MP: 7/18
  5154 | D:5      | Reached skill level 1 in Fighting
  5319 | D:5      | Found a radiant altar of Vehumet.
  5325 | D:5      | Became a worshipper of Vehumet
  5873 | D:6      | Reached skill level 7 in Spellcasting
  5912 | D:6      | Reached skill level 5 in Conjurations
  6060 | D:6      | Reached XP level 8. HP: 43/43 MP: 15/21
  6287 | D:7      | Reached * piety under Vehumet
  6287 | D:7      | Offered knowledge of Magic Dart by Vehumet.
  6299 | D:7      | Reached skill level 8 in Spellcasting
  6299 | D:7      | HP: 2/43 [sky beast (3)]
  6299 | D:7      | Slain by a sky beast

Skill      XL: |  1  2  3  4  5  6  7  8 |
---------------+-------------------------+-----
Dodging        | 3 |  3.7
Fire Magic     | 4 5 6 |  6.5
Conjurations   | 2 3 4 5 |  5.1
Spellcasting   | 4 5 6 7 8 |  8.0
Stealth        | 3 |  3.3
Fighting       | 1 |  1.1

Action                   |  1- 3 |  4- 6 |  7- 9 || total
-------------------------+-------+-------+-------++-------
Melee: Rapier            |       |       |     1 ||     1
 Cast: Flame Tongue      |    74 |   120 |    87 ||   281
       Throw Flame       |       |     9 |    16 ||    25
       Sticky Flame      |       |     1 |       ||     1
       Fireball          |       |     1 |     1 ||     2
       Conjure Flame     |       |     1 |       ||     1
  Eat: Chunk             |     3 |     9 |     5 ||    17
Armor: Robe              |     4 |     6 |     6 ||    16
Dodge: Dodged            |    23 |    32 |    24 ||    79
